AoeStats
← JoseRegens

Arena

509189959Analyzed
1v1 RM · 7d ago on Sep 25, 2026· 39m 50s· 2 players
Game mode
Random Map
Map size
Tiny (2 player)
Population
200
Speed
Normal
Resources
Standard
Victory
Conquest
Starting age
Dark Age
Ending age
Imperial Age
RankedLock teamsTeams togetherTeam positionsShared explorationLock speedFull tech treeHidden civsTurbo modeCheats
Victory
Defeat
🇮🇱 Byzantines · Israel
535
+17
🇺🇸 Sicilians · United States
564
-17
elias.tanous
9:13 Feudal Age
7:33 Loom
9:42 Double-Bit Axe
19:56 Castle Age
18:50 Stone Mining
18:47 Horse Collar
20:03 Fletching
20:14 Padded Archer Armor
27:59 Gold Mining
33:33 Imperial Age
30:40 Pikeman
31:19 Gambesons
32:54 Squires
32:15 Man-at-Arms
33:17 Thumb Ring
32:34 Elite Skirmisher
34:29 Long Swordsman
36:37 Two-Handed Swordsman
JoseRegens
0:52 Loom
11:40 Feudal Age
20:29 Forging
24:56 Castle Age
22:39 Horse Collar
22:53 Stone Mining
22:55 Gold Mining
23:18 Scale Mail Armor
27:53 Wheelbarrow
27:21 Heavy Plow
27:08 Double-Bit Axe
31:16 Fletching
30:51 Elite Skirmisher
33:42 Ballistics
35:18 Hand Cart
37:41 Imperial Age
Connection lost

Rejoining the realm…

Still unreachable

The connection could not be restored.

Session expired

The server has moved on; the page needs a fresh start.